 Dungeon Crawl Stone Soup version 0.28-a0-1206-g193881aaa2 (webtiles) character file.

Game seed: 5709606900753316104

118 leviel the Skirmisher (level 5, 0/47 HPs)
             Began as a Hill Orc Fighter on Dec 20, 2021.
             Succumbed to an orc priest's poison
             ... on level 2 of the Dungeon.
             The game lasted 00:01:55 (1934 turns).

leviel the Skirmisher (Hill Orc Fighter)            Turns: 1934, Time: 00:01:55

Health: 0/47       AC:  9    Str: 21    XL:     5   Next: 2%
Magic:  5/5        EV:  9    Int:  8    God:
Gold:   97         SH:  4    Dex: 10    Spells: 4/4 levels left

rFire   . . .      SeeInvis .   h - +0 hand axe (vamp)
rCold   . . .      Faith    .   c - +0 buckler
rNeg    . . .      Spirit   .   b - +0 scale mail
rPois   .          Reflect  .   g - +1 helmet
rElec   .          Harm     .   (no cloak)
rCorr   .          Rampage  .   (no gloves)
Will    .....                   (no boots)
Stlth   ..........              (no amulet)
HPRegen 0.15/turn               (no ring)
MPRegen 0.09/turn               (no ring)

@: brilliant, lethally poisoned (0 -> -1)
A: no striking features
a: no special abilities


You were on level 2 of the Dungeon.
You visited 1 branch of the dungeon, and saw 3 of its levels.

You collected 97 gold pieces.

Inventory:

Hand Weapons
 a - a +0 war axe
 h - a +0 vampiric hand axe (weapon)
Armour
 b - a +0 scale mail (worn)
 c - a +0 buckler (worn)
 g - a +1 helmet (worn)
Scrolls
 e - a scroll of magic mapping {unknown}
 i - a scroll of fog {unknown}
 j - a scroll of noise {unknown}
 k - a scroll of immolation {unknown}
Potions
 d - a potion of might


   Skills:
 + Level 4.4 Fighting
 * Level 4.4 Axes
 + Level 4.0 Armour
 + Level 4.0 Shields


You had 4 spell levels left.
You didn't know any spells.
Your spell library contained the following spells:

 Spells                   Type           Power      Damage    Failure   Level
 Beastly Appendage        Tmut           0%         N/A       75%         1
 Slow                     Hex            0%         N/A       75%         1
 Wereblood                Tmut           0%         N/A       86%         2
 Confusing Touch          Hex            0%         N/A       98%         3
 Spider Form              Tmut/Pois      0%         N/A       98%         3
 Vampiric Draining        Necr           0%         2d6       98%         3


Dungeon Overview and Level Annotations

Branches:
Dungeon (3/15)

Altars:


Message History

You hit the gnoll.
You feel better.
You feel sick. The gnoll hits you but does no damage.
The orc priest invokes the aid of Beogh against you.
Pain shoots through your body! The gnoll misses you.
You hit the orc priest but do no damage.
The orc priest is moderately wounded.
You closely miss the gnoll.
You feel sick.
The orc priest invokes the aid of Beogh against you.
Beogh smites you!
* * * LOW HITPOINT WARNING * * *
The gnoll hits you but does no damage.
The orc priest hits you but does no damage.
It was a potion of brilliance.
You feel clever all of a sudden.
You feel sick. The gnoll hits you with a +0 spear.
* * * LOW HITPOINT WARNING * * *
The orc priest casts a cantrip, but nothing happens.
You hit the orc priest.
The orc priest is moderately wounded.
You hit the gnoll.
You feel sick. The gnoll closely misses you.
The orc priest looks braver for a moment.
The orc priest shouts, "Beogh is our master!
Accept the truth or die!"
You hit the orc priest.
You feel better.
The orc priest is severely wounded.
You hit the gnoll but do no damage.
You feel sick. The gnoll barely misses you.
The orc priest invokes the aid of Beogh against you.
Pain shoots through your body!
* * * LOW HITPOINT WARNING * * *
You closely miss the orc priest.
The orc priest is severely wounded.
You barely miss the gnoll.
* * * LOW HITPOINT WARNING * * *
You feel sick. You block the gnoll's attack.
The orc priest shouts, "Surrender to Beogh and we'll let you live!"
The orc priest hits you with a +0 short sword of venom.
* * * LOW HITPOINT WARNING * * *
You hit the orc priest.
You kill the orc priest!
You closely miss the gnoll.
You die...

.#...###.##.# #.#
...#....###.# #.#
.#.....####.####.##
...#.#.# #........#
.#...#.#
#..##.#..############
...#.#.#
#..#................#
##...#.#
#..##.#..##########.#
#####.# #..##.#g.# #.#
# #.###..##.#@)# #.# #
#.........)>[## #.#
#########..###.#...##
#.#
...............#....#
#.#
#########.######....##
#.# #.# ###...#### #<#
#.# #)#....# #.# #.#
#...##.# #.###
#.#############.#
#...#


You could see a gnoll.

Vanquished Creatures
  2 orc priests (D:2)
  A gnoll (D:2)
  An adder (D:2)
  3 dart slugs
  An orc (D:3)
  8 ball pythons
  2 endoplasms (D:1)
  3 giant cockroaches
  10 goblins
  6 hobgoblins
  4 jackals (D:1)
  2 quokkas
  3 bats
  6 kobolds
  5 rats
57 creatures vanquished.

Notes
Turn   | Place    | Note
-------+----------+-------------------------------------------
     0 | D:1      | leviel the Hill Orc Fighter began the quest for the Orb.
     0 | D:1      | Reached XP level 1. HP: 19/19 MP: 1/1
    45 | D:1      | Reached XP level 2. HP: 27/27 MP: 2/2
   372 | D:1      | Reached XP level 3. HP: 33/33 MP: 3/3
  1012 | D:2      | Reached XP level 4. HP: 22/40 MP: 4/4
  1822 | D:2      | Reached XP level 5. HP: 45/47 MP: 5/5
  1933 | D:2      | HP: 2/47 [poisoned by an orc priest]
  1934 | D:2      | Succumbed to an orc priest's poison

Illustrated notes

Levels and vault maps discovered:
D:1:      beargit_arrival_greenhouse, layout_rooms, hangedman_decor_peaks_small
D:2:      layout_loops_ring, minmay_misc_feat_pillars
D:3:      layout_loops_ring, serial_shops, nicolae_lakefront_shop,
          nicolae_ecumenical_snake_handling, minmay_misc_feat_more_columns,
          minmay_statues_item, minmay_misc_feat_encased, uniq_robin

Skill      XL: |  1  2  3  4 |
---------------+-------------+-----
Axes           | 3 4 |  4.4
Fighting       | 4 |  4.4
Armour         | 4 |  4.0
Shields        | 4 |  4.0

Action                   |  1- 3 |  4- 6 || total
-------------------------+-------+-------++-------
Melee: War axe           |    77 |       ||    77
       Hand axe          |    58 |    45 ||   103
  Use: Potion            |       |     1 ||     1
Armor: Scale mail        |    78 |    23 ||   101
Dodge: Dodged            |    73 |    23 ||    96
Block: Buckler           |    39 |    15 ||    54

Table legend: (Time is in decaauts)
 A = Elapsed time spent in this place.
 B = Non-inter-level travel time spent in this place.
 C = Inter-level travel time spent in this place.
 D = Time resting spent in this place.
 E = Time spent auto-exploring this place.
 F = Levels seen in this place.
 G = Mean time per level.
                   A        B        C        D        E       F      G
               +--------+--------+--------+--------+--------+-----+--------+
         Total |   1974 |   1886 |     88 |    582 |    925 |   3 |  658.0 |
       Dungeon |   1974 |   1886 |     88 |    582 |    925 |   3 |  658.0 |
               +--------+--------+--------+--------+--------+-----+--------+

Top non-repeatable levels by time:
     D:2: 1207 daAuts
     D:1: 744 daAuts
     D:3: 23 daAuts
